SAAA
VIOLA SPEARHEADS @ NAPERVILLE BATTLEKINGS
08/21/2019
 
TOP OF THE 1ST
Viola Spearheads batting - Pitching for Naperville Battlekings : RHP Jim Unknown
Pitching: RHP Jim Unknown
Batting: RHB Paul Arthur 0-0: Ball
1-0: Swinging Strike
1-1: Ball
2-1: Foul Ball, location: 2F
2-2: Foul Ball, location: 2F
2-2: Foul Ball, location: 2F
2-2: Foul Ball, location: 2F
2-2: Strikes out swinging
Batting: RHB Trevor Gardner 0-0: SOLO HOME RUN (Flyball, 7D), Distance : 373 ft
Batting: RHB Randy Gregory 0-0: Ball
1-0: Ground out 6-3 (Groundball, 6M)
Batting: RHB Steffen Taylor 0-0: Foul Ball, location: 2F
0-1: Called Strike
0-2: Strikes out swinging
Top of the 1st over - 1 run(s), 1 hit(s), 0 error(s), 0 left on base; Viola 1 - Naperville 0
BOTTOM OF THE 1ST
Naperville Battlekings batting - Pitching for Viola Spearheads : RHP José Gonzáles
Pitching: RHP José Gonzáles
Batting: SHB Carlos Kramer 0-0: Foul Ball, location: 2F
0-1: Ball
1-1: Foul Ball, location: 2F
1-2: Ball
2-2: Strikes out looking
Batting: RHB Joe Ferneyhough 0-0: Ball
1-0: Ball
2-0: Ball
3-0: Base on Balls
Batting: RHB Oliver Aranda 0-0: Called Strike
0-1: Swinging Strike
0-2: Ball
1-2: Ball
2-2: Fly out, F6 (Popup, 6D)
Batting: LHB Ron Goodwin 0-0: Ball
1-0: Called Strike
1-1: Called Strike
1-2: Foul Ball, location: 2F
1-2: Foul Ball, location: 2F
1-2: Ball
2-2: Foul Ball, location: 2F
2-2: Foul Ball, location: 2F
2-2: Foul Ball, location: 2F
2-2: Foul Ball, location: 2F
2-2: Ball
3-2: SINGLE (Groundball, 4)
Joe Ferneyhough to second
Joe Ferneyhough to third
Batting: RHB Earnest Veeck 0-0: Called Strike
0-1: Foul Ball, location: 2F
0-2: Foul Ball, location: 2F
0-2: Strikes out swinging
Bottom of the 1st over - 0 run(s), 1 hit(s), 0 error(s), 2 left on base; Viola 1 - Naperville 0
TOP OF THE 2ND
Viola Spearheads batting - Pitching for Naperville Battlekings : RHP Jim Unknown
Batting: RHB Bill Newsome 0-0: Ball
1-0: Foul Ball, location: 2F
1-1: Called Strike
1-2: Foul Ball, location: 2F
1-2: Ball
2-2: Ball
3-2: Strikes out looking
Batting: RHB Thomas Teague 0-0: Called Strike
0-1: Ball
1-1: Fly out, F8 (Flyball, 8RXD)
Batting: RHB Robert Fuller 0-0: Called Strike
0-1: Swinging Strike
0-2: Ball
1-2: Foul Ball, location: 2F
1-2: Ball
2-2: Ground out 6-3 (Groundball, 6)
Top of the 2nd over - 0 run(s), 0 hit(s), 0 error(s), 0 left on base; Viola 1 - Naperville 0
BOTTOM OF THE 2ND
Naperville Battlekings batting - Pitching for Viola Spearheads : RHP José Gonzáles
Batting: RHB Pancho Montoya 0-0: Ball
1-0: DOUBLE (Flyball, 7LM)
Batting: LHB Vicente Martínez 0-0: Ground out 6-3 (Groundball, 6M)
Pancho Montoya to third
Batting: RHB Marcus Wade 0-0: Ball
1-0: Called Strike
1-1: Ground out 5-3 (Groundball, 5S)
Batting: RHB Sal Haynes 0-0: Swinging Strike
0-1: Swinging Strike
0-2: SINGLE (Flyball, 89S)
Pancho Montoya scores
Batting: SHB Carlos Kramer 0-0: Fielders Choice at 2nd, 6-4 (Groundball, 6)
Bottom of the 2nd over - 1 run(s), 2 hit(s), 0 error(s), 0 left on base; Viola 1 - Naperville 1
TOP OF THE 3RD
Viola Spearheads batting - Pitching for Naperville Battlekings : RHP Jim Unknown
Batting: RHB Ángel González 0-0: Swinging Strike
0-1: Ball
1-1: Called Strike
1-2: Ball
2-2: Foul Ball, location: 2F
2-2: Foul Ball, location: 2F
2-2: Strikes out swinging
Batting: RHB Michael Bucknell 0-0: Foul Ball, location: 2F
0-1: Swinging Strike
0-2: Strikes out swinging
Batting: RHB Paul Arthur 0-0: SINGLE (Groundball, 4MD)
Batting: RHB Trevor Gardner 0-0: Called Strike
0-1: Called Strike
0-2: Strikes out swinging
Top of the 3rd over - 0 run(s), 1 hit(s), 0 error(s), 1 left on base; Viola 1 - Naperville 1
BOTTOM OF THE 3RD
Naperville Battlekings batting - Pitching for Viola Spearheads : RHP José Gonzáles
Batting: RHB Joe Ferneyhough 0-0: Ball
1-0: Swinging Strike
1-1: Swinging Strike
1-2: Strikes out looking
Batting: RHB Oliver Aranda 0-0: Called Strike
0-1: Ball
1-1: Ball
2-1: Called Strike
2-2: Ball
3-2: Ground out 6-3 (Groundball, 6M)
Batting: LHB Ron Goodwin 0-0: Foul Ball, location: 2F
0-1: Fly out, F7 (Flyball, 78M)
Bottom of the 3rd over - 0 run(s), 0 hit(s), 0 error(s), 0 left on base; Viola 1 - Naperville 1
TOP OF THE 4TH
Viola Spearheads batting - Pitching for Naperville Battlekings : RHP Jim Unknown
Batting: RHB Randy Gregory 0-0: Called Strike
0-1: Fly out, F8 (Flyball, 8RM)
Batting: RHB Steffen Taylor 0-0: Swinging Strike
0-1: Swinging Strike
0-2: Foul Ball, location: 2F
0-2: Ball
1-2: Strikes out swinging
Batting: RHB Bill Newsome 0-0: Foul Ball, location: 2F
0-1: Foul Ball, location: 2F
0-2: Strikes out swinging
Top of the 4th over - 0 run(s), 0 hit(s), 0 error(s), 0 left on base; Viola 1 - Naperville 1
BOTTOM OF THE 4TH
Naperville Battlekings batting - Pitching for Viola Spearheads : RHP José Gonzáles
Batting: RHB Earnest Veeck 0-0: Fly out, F9 (Flyball, 9S)
Batting: RHB Pancho Montoya 0-0: Ball
1-0: Ball
2-0: Called Strike
2-1: Foul Ball, location: 2F
2-2: Fly out, F7 (Flyball, 7LD)
Batting: LHB Vicente Martínez 0-0: Called Strike
0-1: Ball
1-1: Ball
2-1: Foul Ball, location: 2F
2-2: Foul Ball, location: 2F
2-2: Foul Ball, location: 2F
2-2: Ground out 4-3 (Groundball, 4)
Bottom of the 4th over - 0 run(s), 0 hit(s), 0 error(s), 0 left on base; Viola 1 - Naperville 1
TOP OF THE 5TH
Viola Spearheads batting - Pitching for Naperville Battlekings : RHP Jim Unknown
Batting: RHB Thomas Teague 0-0: Ball
1-0: Ball
2-0: Fly out, F9 (Flyball, 9D)
Batting: RHB Robert Fuller 0-0: Called Strike
0-1: Ball
1-1: Ball
2-1: Ball
3-1: Foul Ball, location: 2F
3-2: Strikes out swinging
Batting: RHB Ángel González 0-0: Swinging Strike
0-1: Ball
1-1: Called Strike
1-2: Hit by Pitch
Batting: RHB Michael Bucknell 0-0: Ball
1-0: Ball
2-0: Ball
3-0: Called Strike
3-1: Called Strike
3-2: Strikes out swinging
Top of the 5th over - 0 run(s), 0 hit(s), 0 error(s), 1 left on base; Viola 1 - Naperville 1
BOTTOM OF THE 5TH
Naperville Battlekings batting - Pitching for Viola Spearheads : RHP José Gonzáles
Batting: RHB Marcus Wade 0-0: Ground out 6-3 (Groundball, 6)
Batting: RHB Sal Haynes 0-0: Fly out, F3 (Popup, 3)
Batting: SHB Carlos Kramer 0-0: Swinging Strike
0-1: SINGLE (Line Drive, 6MD)
Batting: RHB Joe Ferneyhough 0-0: Ball
1-0: 2-RUN HOME RUN (Flyball, 8LXD), Distance : 429 ft
Batting: RHB Oliver Aranda 0-0: Foul Ball, location: 2F
0-1: SOLO HOME RUN (Flyball, 7D), Distance : 361 ft
Batting: LHB Ron Goodwin 0-0: Ball
1-0: Ball
2-0: Called Strike
2-1: Ball
3-1: Base on Balls
Batting: RHB Earnest Veeck 0-0: Ball
1-0: Fly out, F4 (Line Drive, 4)
Bottom of the 5th over - 3 run(s), 3 hit(s), 0 error(s), 1 left on base; Viola 1 - Naperville 4
TOP OF THE 6TH
Viola Spearheads batting - Pitching for Naperville Battlekings : RHP Jim Unknown
Batting: RHB Paul Arthur 0-0: Ball
1-0: Reached on error, E5 (Groundball, 56S)
Batting: RHB Trevor Gardner 0-0: Called Strike
0-1: Ball
1-1: Foul Ball, location: 2F
1-2: Strikes out swinging
Batting: RHB Randy Gregory 0-0: Ball
1-0: Called Strike
1-1: Ball
2-1: Foul Ball, location: 2F
2-2: Foul Ball, location: 2F
2-2: Fly out, F9 (Flyball, 89S)
Batting: RHB Steffen Taylor 0-0: Ball
1-0: Called Strike
1-1: Fly out, F8 (Flyball, 8RXD)
Top of the 6th over - 0 run(s), 0 hit(s), 1 error(s), 1 left on base; Viola 1 - Naperville 4
BOTTOM OF THE 6TH
Naperville Battlekings batting - Pitching for Viola Spearheads : RHP José Gonzáles
Batting: RHB Pancho Montoya 0-0: Ball
1-0: SINGLE (Line Drive, 56D)
Batting: LHB Vicente Martínez 0-0: Swinging Strike
0-1: Foul Ball, location: 2F
0-2: Fly out, F6 (Popup, 6M)
Batting: RHB Marcus Wade 0-0: Foul Ball, location: 2F
0-1: Fly out, F9 (Flyball, 89D)
Batting: RHB Sal Haynes 0-0: Called Strike
0-1: Foul Ball, location: 2F
0-2: Strikes out looking
Bottom of the 6th over - 0 run(s), 1 hit(s), 0 error(s), 1 left on base; Viola 1 - Naperville 4
TOP OF THE 7TH
Viola Spearheads batting - Pitching for Naperville Battlekings : RHP Jim Unknown
Batting: RHB Bill Newsome 0-0: Called Strike
0-1: Swinging Strike
0-2: Foul Ball, location: 2F
0-2: Foul Ball, location: 2F
0-2: Strikes out swinging
Batting: RHB Thomas Teague 0-0: Called Strike
0-1: Ball
1-1: Foul Ball, location: 2F
1-2: Ball
2-2: SOLO HOME RUN (Flyball, 7LD), Distance : 335 ft
Batting: RHB Robert Fuller 0-0: Ball
1-0: Called Strike
1-1: Called Strike
1-2: Ball
2-2: Foul Ball, location: 2F
2-2: Ground out 5-3 (Groundball, 56S)
Batting: RHB Ángel González 0-0: Called Strike
0-1: Ball
1-1: Ball
2-1: Ball
3-1: Swinging Strike
3-2: Foul Ball, location: 2F
3-2: Foul Ball, location: 2F
3-2: SOLO HOME RUN (Flyball, 7LD), Distance : 331 ft
Batting: RHB Michael Bucknell 0-0: Ball
1-0: Ball
2-0: Ball
3-0: Called Strike
3-1: Base on Balls
Pitching: RHP Mike Heller
Batting: RHB Paul Arthur 0-0: Ball
1-0: Ball
2-0: Foul Ball, location: 2F
2-1: Ball
3-1: DOUBLE (Line Drive, 9LM)
Michael Bucknell to third
Batting: RHB Trevor Gardner 0-0: Called Strike
0-1: Swinging Strike
0-2: Foul Ball, location: 2F
0-2: Strikes out swinging
Top of the 7th over - 2 run(s), 3 hit(s), 0 error(s), 2 left on base; Viola 3 - Naperville 4
BOTTOM OF THE 7TH
Naperville Battlekings batting - Pitching for Viola Spearheads : RHP José Gonzáles
Batting: SHB Carlos Kramer 0-0: Swinging Strike
0-1: Ball
1-1: Called Strike
1-2: Ball
2-2: Ball
3-2: SINGLE (Line Drive, 4M)
Pinch Hitting: LHB Cristo Ramírez 0-0: Called Strike
0-1: Foul Ball, location: 2F
0-2: Strikes out swinging
Batting: RHB Oliver Aranda 0-0: Ball
Carlos Kramer is caught stealing 2nd base
1-0: Fly out, F8 (Line Drive, 8LM)
Bottom of the 7th over - 0 run(s), 1 hit(s), 0 error(s), 0 left on base; Viola 3 - Naperville 4
TOP OF THE 8TH
Viola Spearheads batting - Pitching for Naperville Battlekings : RHP Mike Heller
Pitching: RHP Carl O'Malloy
Now at 1B: Carlos Gómez
Now in RF: Steven Johnstone
Batting: RHB Randy Gregory 0-0: SINGLE (Groundball, 6M)
Batting: RHB Steffen Taylor 0-0: Ball
1-0: Fly out, F9 (Flyball, 9M)
Batting: RHB Bill Newsome 0-0: Foul Ball, location: 2F
0-1: Swinging Strike
0-2: Strikes out swinging
Batting: RHB Thomas Teague 0-0: Ball
1-0: Fly out, F6 (Popup, 6MD)
Top of the 8th over - 0 run(s), 1 hit(s), 0 error(s), 1 left on base; Viola 3 - Naperville 4
BOTTOM OF THE 8TH
Naperville Battlekings batting - Pitching for Viola Spearheads : RHP José Gonzáles
Batting: RHB Carlos Gómez 0-0: Swinging Strike
0-1: Ball
1-1: Foul Ball, location: 2F
1-2: Ball
2-2: Foul Ball, location: 2F
2-2: Ball
3-2: Foul Ball, location: 2F
3-2: SOLO HOME RUN (Flyball, 78XD), Distance : 409 ft
Batting: RHB Earnest Veeck 0-0: Called Strike
0-1: Foul Ball, location: 2F
0-2: Ball
1-2: Ball
2-2: Strikes out swinging
Pitching: RHP Melvin Richards
Batting: RHB Pancho Montoya 0-0: Called Strike
0-1: Ball
1-1: Foul Ball, location: 2F
1-2: Ball
2-2: Ball
3-2: Strikes out swinging
Batting: LHB Vicente Martínez 0-0: Ground out U3 (Groundball, 3S)
Bottom of the 8th over - 1 run(s), 1 hit(s), 0 error(s), 0 left on base; Viola 3 - Naperville 5
TOP OF THE 9TH
Viola Spearheads batting - Pitching for Naperville Battlekings : RHP Carl O'Malloy
Pitching: LHP Fernando Castro
Batting: RHB Robert Fuller 0-0: Ball
1-0: Called Strike
1-1: SINGLE (Line Drive, 7LS)
Pinch Hitting: RHB Jim Unknown 0-0: Ball
1-0: Grounds into double play, 4-6-3 (Groundball, 4)
Batting: RHB Michael Bucknell 0-0: Foul Ball, location: 2F
0-1: SINGLE (Groundball, 6M)
Batting: RHB Paul Arthur 0-0: Foul Ball, location: 2F
0-1: Called Strike
0-2: Ball
1-2: Foul Ball, location: 2F
1-2: Ball
2-2: SINGLE (Flyball, 8LS)
Michael Bucknell to second
Batting: RHB Trevor Gardner 0-0: Fielders Choice at 2nd, U4 (Groundball, 4M)
Top of the 9th over - 0 run(s), 3 hit(s), 0 error(s), 2 left on base; Viola 3 - Naperville 5
This league is powered by Out of the Park Baseball, the baseball management simulation game for PC, Mac and Linux
Saturday, July 25th, 2015 - OOTP Baseball 15.6 Build 34